 Dungeon Crawl Stone Soup version 0.30-a0-43-gbbf338a72c (webtiles) character file.

Game seed: 9553458853863300597

205 lesbiats the Ruffian (level 5, -14/53 HPs)
             Began as a Troll Fighter on Sept 1, 2022.
             Demolished by Sigmund
             ... wielding a +0 scythe of venom
              (17 damage)
             ... on level 2 of the Dungeon.
             The game lasted 00:09:35 (2393 turns).

lesbiats the Ruffian (Troll Fighter)                Turns: 2393, Time: 00:09:36

Health: -14/53     AC:  4    Str: 26    XL:     5   Next: 52%
Magic:  4/4        EV:  8    Int:  4    God:
Gold:   111        SH:  7    Dex:  9    Spells: 4/4 levels left

rFire   . . .      SeeInvis .      - Unarmed
rCold   + . .      Faith    .    b - +0 kite shield
rNeg    . . .      Spirit   .    a - +0 robe
rPois   .          Reflect  .    (helmet restricted)
rElec   .          Harm     .    (no cloak)
rCorr   .          Rampage  .    (gloves unavailable)
Will    .....                    (boots unavailable)
Stlth   +.........               (no amulet)
HPRegen 0.97/turn                s - ring of protection from cold
MPRegen 0.09/turn                (no ring)

@: mighty, lethally poisoned (-14 -> -15), flying
A: large, unfitting armour, claws 3, regeneration 1, shaggy fur 1, tough skin 1
a: no special abilities


You were on level 2 of the Dungeon.
You visited 1 branch of the dungeon, and saw 4 of its levels.

You collected 111 gold pieces.

Inventory:

Missiles
 e - 2 large rocks
 j - 13 stones (quivered)
Armour
 a - a +0 robe (worn)
 b - a +0 kite shield (worn)
 o - the +1 Delatra's gloves {ID++}
   (You found it on level 2 of the Dungeon)

   It heals its wearer when they drink unknown potions.
   It restores its wearer's MP when they read unknown scrolls.
Jewellery
 s - a ring of protection from cold (left claw)
Scrolls
 d - 3 scrolls of enchant weapon {unknown}
 f - a scroll of enchant armour {unknown}
 g - 3 scrolls of identify {unknown}
 i - 3 scrolls of teleportation {unknown}
 k - 2 scrolls of blinking {unknown}
 l - 2 scrolls of noise {unknown}
 p - a scroll of torment {unknown}
 r - a scroll of fear {unknown}
 t - a scroll of immolation {unknown}
Potions
 h - a potion of flight
 n - a potion of heal wounds {unknown}
 q - a potion of brilliance {unknown}


   Skills:
 + Level 3.2 Fighting
 + Level 1.6 Throwing
 - Level 2.4 Dodging
 + Level 3.5 Shields
 * Level 4.0 Unarmed Combat


You had 4 spell levels left.
You didn't know any spells.
Your spell library contained the following spells:

 Spells                   Type           Power      Damage    Failure   Level
 Sting                    Tmut/Pois      0%         1d3       80%         1
 Poisonous Vapours        Pois/Air       0%         N/A       90%         2
 Olgreb's Toxic Radiance  Pois           0%         N/A       100%        4


Dungeon Overview and Level Annotations

Branches:
Dungeon (4/15)
 Temple: D:4-7

Altars:

Annotations:
D:2 Sigmund


Innate Abilities, Weirdness & Mutations

You are too large for most types of armour.
You have claws for hands.
Your natural rate of healing is unusually fast.
You are covered in fur. (AC +1)
You have tough skin. (AC +1)


Message History

Deactivating autopickup; reactivate with Ctrl-A.
Items here: ( ) [ ÷.
e - 3 large rocks (gained 2)
Something hits you!
You miss something. You miss something.
You hear some strange, mumbled words.
A puff of flame appears from out of thin air!
The puff of flame misses you. Something hits you.
You are poisoned.
You miss something.
You feel very sick.
You miss something.
You feel sick.
You completely miss something.
You feel sick. Something hits you!
You are more poisoned.
Throw: 3 large rocks
Press: ? - help, Shift-Dir - straight line You throw a large rock.
You feel very sick. Something hits you!
* * * LOW HITPOINT WARNING * * *
You are lethally poisoned!
It was a potion of flight.
You feel very buoyant.
You fly up into the air.
* * * LOW HITPOINT WARNING * * *
You feel very sick.
You hear some strange, mumbled words.
You are confused.
It was a potion of curing.
You feel better. Something hits you!
* * * LOW HITPOINT WARNING * * *
You are lethally poisoned!
You feel better. Something hits you.
You are poisoned.
You feel very mighty all of a sudden.
You feel sick.
You closely miss something.
You feel sick. Something hits you!
* * * LOW HITPOINT WARNING * * *
You closely miss something.
You feel sick. Something hits you!
You die...

####### # #.....# . #.....# .
#.....# ##### . ##.....###...####
. #...............# .###
#.########...##.##### ...#
#####÷#####..'...........
.#.######..(...{@[..##...........
##....)......#########...........
#...........# #.......#........
#...........####.#####.#........
#....†.................#......##
#...........####.#######........
#............. #................
#..............###########.#....
.'.............. ...........>#


There were no monsters in sight!

Vanquished Creatures
  2 hounds (D:3)
  An orc priest (D:3)
  Terence (D:2)
  2 gnolls
  2 adders
  3 worms
  3 orcs (D:3)
  2 ball pythons
  5 bats
  2 endoplasms (D:1)
  3 giant cockroaches
  3 hobgoblins
  3 jackals (D:1)
  2 quokkas (D:2)
  4 frilled lizards
  2 goblins
  A kobold (D:4)
  5 rats
46 creatures vanquished.

Notes
Turn   | Place    | Note
-------+----------+-------------------------------------------
     0 | D:1      | lesbiats the Troll Fighter began the quest for the Orb.
     0 | D:1      | Reached XP level 1. HP: 22/22 MP: 0/0
   218 | D:1      | Reached XP level 2. HP: 29/29 MP: 1/1
   783 | D:2      | Reached XP level 3. HP: 36/36 MP: 2/2
   802 | D:2      | Noticed Sigmund
  1077 | D:2      | Reached skill level 3 in Unarmed Combat
  1150 | D:2      | Found a faded altar of an unknown god.
  1226 | D:2      | Found the +1 Delatra's gloves {ID++}
  1589 | D:2      | Noticed Terence
  1617 | D:2      | Killed Terence
  1618 | D:2      | Reached skill level 1 in Throwing
  1618 | D:2      | Reached XP level 4. HP: 19/44 MP: 3/3
  1953 | D:3      | Reached XP level 5. HP: 53/53 MP: 4/4
  1962 | D:3      | Reached skill level 4 in Unarmed Combat
  2314 | D:4      | Noticed a lemure
  2393 | D:2      | Demolished by Sigmund

Illustrated notes

Levels and vault maps discovered:
D:1:      minmay_arrival_plants_in_alcoves, layout_basic
D:2:      layout_basic, shapermc_ecumenical_altar_mp_vishouse, dk_vineyard_2,
          chequers_mini_garden, minmay_diced_spiral, uniq_jessica, uniq_terence,
          uniq_sigmund
D:3:      layout_basic, cheibrodos_gnoll_hut
D:4:      layout_basic, mainiacjoe_overflow_alcove_2, uniq_blork_the_orc,
          uniq_pikel, uniq_crazy_yiuf_cottage, uniq_ijyb

Skill      XL: |  1  2  3  4  5 |
---------------+----------------+-----
Shields        | 3 |  3.5
Unarmed Combat | 3 4 |  4.0
Throwing       | 1 |  1.6
Fighting       | 3 |  3.2
Dodging        | |  2.4

Action                   |  1- 3 |  4- 6 || total
-------------------------+-------+-------++-------
Melee: Unarmed           |    93 |    51 ||   144
Throw: Stone             |     4 |     3 ||     7
       Large rock        |     6 |     1 ||     7
  Use: Potion            |       |     4 ||     4
Armor: Robe              |    48 |    11 ||    59
Dodge: Dodged            |    24 |    16 ||    40
Block: Kite shield       |    45 |    14 ||    59

Table legend: (Time is in decaauts)
 A = Elapsed time spent in this place.
 B = Non-inter-level travel time spent in this place.
 C = Inter-level travel time spent in this place.
 D = Time resting spent in this place.
 E = Time spent auto-exploring this place.
 F = Levels seen in this place.
 G = Mean time per level.
                   A        B        C        D        E       F      G
               +--------+--------+--------+--------+--------+-----+--------+
         Total |   2415 |   2098 |    317 |    160 |   1202 |   4 |  603.8 |
       Dungeon |   2415 |   2098 |    317 |    160 |   1202 |   4 |  603.8 |
               +--------+--------+--------+--------+--------+-----+--------+

Top non-repeatable levels by time:
     D:1: 964 daAuts
     D:2: 741 daAuts
     D:3: 664 daAuts
     D:4: 45 daAuts
